 Dungeon Crawl Stone Soup version 0.32-a0-612-g1c984fe9d1 (webtiles) character file.

Game seed: 11870745423997773888

4167 Drazool the Skirmisher (level 10, 0/71 HPs)
             Began as a Coglin Hunter on Mar 5, 2024.
             Was an Initiate of Okawaru.
             Slain by Maggie the hornet (5 damage)
             ... on level 7 of the Dungeon.
             The game lasted 00:29:49 (8345 turns).

Drazool the Skirmisher (Coglin Hunter)              Turns: 8345, Time: 00:29:50

Health: 0/71       AC:  4    Str: 11    XL:     10   Next: 28%
Magic:  10/10      EV: 16    Int:  8    God:    Okawaru [......]
Gold:   395        SH:  0    Dex: 23    Spells: 9/9 levels left

rFire   + . .        a - +2 sling {Esmond}
rCold   + . .        d - +1 sling {Kasem}
rNeg    . . .        c - +1 leather armour
rPois   .            (no helmet)
rElec   .            u - scarf {rC+ rF+}
rCorr   .            (no gloves)
SInv    .            (no boots)
Will    .....        (amulet unavailable)
Stlth   +++          (ring unavailable)
HPRegen 0.31/turn    (ring unavailable)
MPRegen 0.12/turn    (no gizmo)

%: no passive effects
@: mighty, lethally poisoned (0 -> -14), slowed, revved, very slow
A: off-hand wielding, slow wielding, warmup strikes, no jewellery
a: Invent Gizmo, Renounce Religion


You were on level 7 of the Dungeon.
You worshipped Okawaru.
Okawaru was noncommittal.
You visited 2 branches of the dungeon, and saw 8 of its levels.

You collected 395 gold pieces.


Innate Abilities, Weirdness & Mutations

You can wield a second weapon in your off-hand.
It takes a long time for you to wield or remove held weapons.
Your first few attacks do less damage.
You cannot equip rings or amulets.


   Skills:
 - Level 4.0 Fighting
 + Level 10.8 Ranged Weapons
 - Level 3.0 Armour
 - Level 6.0 Dodging
 - Level 3.0 Stealth
 - Level 5.0 Evocations


You had 9 spell levels left.
You didn't know any spells.
Your spell library contained the following spells:

 Spells                   Type           Power      Damage    Failure   Level
 Kiss of Death            Conj/Necr      0%         2d5       50%         1
 Shock                    Conj/Air       0%         1d3       50%         1
 Ensorcelled Hibernation  Hex/Ice        0%         N/A       63%         2
 Confusing Touch          Hex            0%         N/A       86%         3
 Fugue of the Fallen      Necr           0%         N/A       86%         3
 Ozocubu's Armour         Ice            0%         N/A       86%         3
 Passwall                 Erth           0%         N/A       86%         3
 Swiftness                Air            0%         N/A       86%         3
 Airstrike                Air            0%         2d(0-16)  99%         4
 Dispel Undead            Necr           0%         3d6       99%         4
 Manifold Assault         Tloc           0%         N/A       99%         4
 Dispersal                Tloc           0%         N/A       100%        6
 Disjunction              Tloc           0%         N/A       100%        8

Inventory:

Hand Weapons
 a - a +2 sling (weapon) {Esmond}
 d - a +1 sling (offhand) {Kasem}
Armour
 c - a +1 leather armour (worn)
 u - a scarf of resistance (worn)
Wands
 q - a wand of mindburst (14)
 s - a wand of iceblast (11)
 v - a wand of polymorph (3)
 A - a wand of flame (28)
Scrolls
 b - a scroll of butterflies
 g - a scroll of summoning
 i - 7 scrolls of noise
 k - 7 scrolls of fear
 l - a scroll of poison
 t - 2 scrolls of teleportation {@r2}
 w - 3 scrolls of enchant weapon
 x - 3 scrolls of immolation
 y - 2 scrolls of identify {@r1}
Potions
 e - a potion of attraction {unknown}
 f - a potion of invisibility {unknown}
 h - a potion of brilliance {unknown}
 j - 2 potions of lignification
 m - 2 potions of magic
 n - a potion of haste {@q3}
 o - a potion of mutation {unknown}
 p - a potion of ambrosia {unknown}
 z - a potion of enlightenment {unknown}

Dungeon Overview and Level Annotations

Branches:
Dungeon (7/15)             Temple (1/1) D:7

Altars:
Ashenzari
Cheibriados
Dithmenos
Elyvilon
Kikubaaqudgha
Makhleb
Nemelex Xobeh
Okawaru
Qazlal
Ru
Sif Muna
Trog
Uskayaw
Vehumet
Wu Jian
Yredelemnul
Zin
The Shining One

Annotations:
D:7 Maggie

#. #.####### .# #
#.# # .. )# #.#
#### .###. #.#
#... ... ### #.†.
#.# #####... #.#
##....... #y#
...##... #@#
#..##††. #.#
#..##... #.#
#..##### #.#
#......
#.##########.###..
#............# #.#
#####......### #.#
#......#####.#
#............#


You could see Maggie the hornet.


Message History

You shoot a sling bullet. The sling bullet barely misses Maggie.
You shoot a sling bullet. The sling bullet hits Maggie.
Maggie is severely wounded.
You feel very sick. Maggie stings you.
* * * LOW HITPOINT WARNING * * *
You feel as though you will be slow longer.
Maggie barely misses you.
You feel better. Maggie stings you.
* * * LOW HITPOINT WARNING * * *
You are poisoned.
You suddenly lose the ability to move!
Maggie stings you!
* * * LOW HITPOINT WARNING * * *
You feel as though you will be slow longer.
You can move again.
You shoot a sling bullet. The sling bullet closely misses Maggie.
You shoot a sling bullet. The sling bullet hits Maggie.
Maggie is almost dead.
You feel very sick. Maggie closely misses you. Maggie stings you.
* * * LOW HITPOINT WARNING * * *
You are lethally poisoned!
You feel as though you will be slow longer.
It was a potion of might.
You feel very mighty all of a sudden.
* * * LOW HITPOINT WARNING * * *
You feel very sick. Maggie completely misses you.
Maggie stings you but does no damage. Maggie stings you.
You die...

Skill      XL: |  1  2  3  4  5  6  7  8  9 10 |
---------------+-------------------------------+-----
Ranged Weapons | 4 5 6 7 8 9 10 | 10.8
Evocations     | 3 5 |  5.0
Fighting       | 3 4 |  4.0
Dodging        | 5 6 |  6.0
Armour         | 3 |  3.0
Stealth        | 3 |  3.0

Action                     |  1- 3 |  4- 6 |  7- 9 | 10-12 || total
---------------------------+-------+-------+-------+-------++-------
  Melee: Sling             |       |       |     2 |       ||     2
   Fire: Sling             |   124 |   310 |   862 |   148 ||  1444
  Evoke: Wand              |       |       |     4 |     4 ||     8
    Use: Scroll            |       |    10 |     5 |       ||    15
         Potion            |       |       |     1 |     2 ||     3
 Armour: Leather armour    |    10 |    21 |   102 |    22 ||   155
  Dodge: Dodged            |     8 |    26 |   109 |    21 ||   164

Levels and vault maps discovered:
D:1:      dpeg_arrival_short_road, layout_basic,
          chequers_ecumenical_altar_simple_redux
D:2:      layout_basic, uniq_natasha
D:3:      layout_basic, nicolae_vehumet_radiance, tso_altar, uniq_jessica
D:4:      minmay_razor_zed, layout_basic, nicolae_ashenzari_panopticon,
          minmay_three_crescents
D:5:      layout_basic, gup_sewer_entry_spiral, uniq_eustachio
D:6:      layout_cave_pods, makhleb_grotto_becter
D:7:      minmay_cornered_nines, layout_loops_ring, mainiacjoe_overflow_catwalk,
          nicolae_uskayaw_murder_on_the_dancefloor,
          minmay_temple_entry_poolview, uniq_joseph, uniq_duvessa, uniq_maggie
Temple:   hellmonk_temple_flake

Notes
Turn   | Place    | Note
-------+----------+-------------------------------------------
     0 | D:1      | Drazool the Coglin Hunter began the quest for the Orb.
     0 | D:1      | Reached XP level 1. HP: 16/16 MP: 1/1
    66 | D:1      | Reached skill level 4 in Ranged Weapons
    66 | D:1      | Reached XP level 2. HP: 22/22 MP: 2/2
   183 | D:1      | Found a faded altar of an unknown god.
   288 | D:1      | Reached XP level 3. HP: 27/27 MP: 3/3
   563 | D:2      | Noticed Natasha
   574 | D:2      | Killed Natasha
   575 | D:2      | Reached skill level 5 in Ranged Weapons
   575 | D:2      | Reached XP level 4. HP: 15/33 MP: 4/4
   820 | D:2      | Noticed Natasha
   834 | D:2      | Killed Natasha
  1155 | D:2      | Noticed Natasha
  1159 | D:2      | Killed Natasha
  1160 | D:2      | Reached XP level 5. HP: 38/38 MP: 5/5
  1416 | D:3      | Found a radiant altar of Vehumet.
  1437 | D:3      | Reached skill level 6 in Ranged Weapons
  1669 | D:3      | Noticed Jessica
  1678 | D:3      | Killed Jessica
  1679 | D:3      | Reached XP level 6. HP: 44/44 MP: 6/6
  1797 | D:3      | Found a glowing golden altar of the Shining One.
  2481 | D:4      | Identified a scarf of resistance
  2587 | D:4      | Reached skill level 7 in Ranged Weapons
  2851 | D:4      | Reached XP level 7. HP: 50/50 MP: 7/7
  3275 | D:4      | Reached skill level 8 in Ranged Weapons
  3275 | D:4      | Reached skill level 1 in Evocations
  3305 | D:4      | Reached skill level 2 in Evocations
  3346 | D:4      | Found a broken altar of Ashenzari.
  3732 | D:4      | Noticed a steam dragon
  3743 | D:4      | Killed a steam dragon
  3744 | D:4      | Reached skill level 3 in Evocations
  3744 | D:4      | Reached skill level 3 in Fighting
  3914 | D:5      | Entered Level 5 of the Dungeon
  4120 | D:5      | Reached XP level 8. HP: 60/60 MP: 8/8
  4126 | D:5      | Reached skill level 4 in Fighting
  4126 | D:5      | Reached skill level 2 in Dodging
  4313 | D:5      | Noticed Eustachio
  4314 | D:5      | Eustachio changed into Eustachio the howler monkey
  4314 | D:5      | Noticed Eustachio
  4319 | D:5      | Killed Eustachio the howler monkey
  4320 | D:5      | Reached skill level 3 in Dodging
  4565 | D:5      | Reached skill level 4 in Dodging
  4886 | D:5      | Reached skill level 1 in Armour
  4935 | D:5      | Reached skill level 2 in Armour
  5462 | D:6      | Reached skill level 3 in Armour
  5594 | D:6      | Noticed a yak
  5612 | D:6      | Reached skill level 5 in Dodging
  5787 | D:6      | Reached XP level 9. HP: 59/65 MP: 9/9
  5974 | D:6      | Reached skill level 6 in Dodging
  6006 | D:6      | Reached skill level 4 in Evocations
  6151 | D:6      | Reached skill level 5 in Evocations
  6151 | D:6      | Reached skill level 1 in Stealth
  6269 | D:6      | Reached skill level 2 in Stealth
  6386 | D:6      | Found a burning altar of Makhleb.
  6495 | D:6      | Reached skill level 3 in Stealth
  6941 | D:5      | Reached skill level 9 in Ranged Weapons
  7522 | D:7      | Found an ornate altar of the Wu Jian Council.
  7592 | D:7      | Reached XP level 10. HP: 46/71 MP: 10/10
  7653 | D:7      | Reached skill level 10 in Ranged Weapons
  7768 | D:7      | Found a staircase to the Ecumenical Temple.
  7768 | D:7      | Noticed Dowan
  7769 | D:7      | Dowan changed into Dowan the sky beast
  7769 | D:7      | Noticed Dowan
  7769 | D:7      | Noticed Duvessa
  7843 | D:7      | Duvessa changed into Duvessa the boggart
  7843 | D:7      | Noticed Duvessa
  7849 | D:7      | Killed Duvessa the boggart
  7878 | D:7      | Killed Dowan the sky beast
  7927 | Temple   | Entered the Ecumenical Temple
  7936 | Temple   | Became a worshipper of Warmaster Okawaru
  7984 | D:7      | Found a hide-covered altar of Uskayaw.
  8328 | D:7      | Noticed Maggie
  8329 | D:7      | Maggie changed into Maggie the hornet
  8329 | D:7      | Noticed Maggie
  8343 | D:7      | Paralysed by Maggie for 1 turns
  8345 | D:7      | HP: 5/71 [poisoned by Maggie]
  8345 | D:7      | Slain by Maggie the hornet

Vanquished Creatures
  A wyvern (D:7)
  3 yaks
  A steam dragon (D:4)
  A water moccasin (D:7)
  3 orc warriors
  3 black bears
  4 sky beasts
  A boggart (D:7)
  3 ice beasts
  2 ogres
  3 kobold brigands
  2 bullfrogs
  2 scorpions
  3 wights (D:6)
  A howler monkey (D:5)
  A crimson imp (D:6)
  4 hounds
  A jelly (D:7)
  2 bombardier beetles
  3 orc priests
  2 gnoll boudas
  4 sleepcaps
  Jessica (D:3)
  5 iguanas
  Natasha (thrice) (D:2)
  8 orc wizards
  13 adders
  7 gnolls
  4 ufetubi
  A ribbon worm (D:2)
  4 dart slugs
  24 orcs
  6 ball pythons
  8 endoplasms
  8 giant cockroaches
  8 goblins
  11 hobgoblins
  6 quokkas
  6 bats
  6 frilled lizards
  23 kobolds
  4 rats
206 creatures vanquished.

Vanquished Creatures (others)
  An endoplasm (D:4)
1 creature vanquished.

Grand Total: 207 creatures vanquished

Table legend: (Time is in decaauts)
 A = Elapsed time spent in this place.
 B = Non-inter-level travel time spent in this place.
 C = Inter-level travel time spent in this place.
 D = Time resting spent in this place.
 E = Time spent auto-exploring this place.
 F = Levels seen in this place.
 G = Mean time per level.
                   A        B        C        D        E       F      G
               +--------+--------+--------+--------+--------+-----+--------+
         Total |   8438 |   7831 |    607 |    607 |   5433 |   8 | 1054.8 |
       Dungeon |   8420 |   7831 |    589 |    607 |   5433 |   7 | 1202.9 |
        Temple |     18 |      1 |     17 |      0 |      0 |   1 |   18.0 |
               +--------+--------+--------+--------+--------+-----+--------+

Top non-repeatable levels by time:
     D:4: 1886 daAuts
     D:6: 1848 daAuts
     D:5: 1560 daAuts
     D:7: 928 daAuts
     D:3: 840 daAuts
     D:2: 766 daAuts
     D:1: 589 daAuts
  Temple: 18 daAuts

Table legend:
 A = Non-vault XP
 B = Vault XP
 C = Vault XP percentage of total XP
 D = Non-vault monster count
 E = Vault monster count
 F = Vault count percentage of total count
                 A         B        C        D         E       F
            +---------+---------+-------+---------+---------+-------
      Total |    5068 |     885 |  14.9 |     180 |      26 |  12.6
            +---------+---------+-------+---------+---------+-------
        D:1 |      45 |       0 |   0.0 |      23 |       0 |   0.0
        D:2 |     129 |      35 |  21.3 |      21 |       1 |   4.5
        D:3 |     151 |      37 |  19.7 |      18 |       1 |   5.3
        D:4 |     317 |     445 |  58.4 |      28 |      16 |  36.4
        D:5 |    1044 |      72 |   6.5 |      22 |       5 |  18.5
        D:6 |    1746 |      50 |   2.8 |      39 |       1 |   2.5
        D:7 |    1636 |     246 |  13.1 |      29 |       2 |   6.5
            +---------+---------+-------+---------+---------+-------
